 Dungeon Crawl Stone Soup version 0.22-a0-445-g8c8ef71 (webtiles) character file.

1680310 Gorglomux the Slayer (level 26, 227/227 HPs)
             Began as a Merfolk Fighter on June 2, 2018.
             Was a High Priest of Okawaru.
             Escaped with the Orb
             ... and 3 runes!
             The game lasted 01:34:01 (65470 turns).

Gorglomux the Slayer (Merfolk Fighter)             Turns: 65470, Time: 01:34:02

Health: 227/227    AC: 39    Str: 15    XL:     26   Next: 64%
Magic:  29/29      EV: 11    Int: 10    God:    Okawaru [*****.]
Gold:   4631       SH: 27    Dex: 21    Spells: 25/25 levels left

rFire    + + .     SeeInvis +   a - +9 demon trident "Larhetock" {god gift, elec, rC+ MR+++ Str-5 SInv}
rCold    + + +     Gourm    .   J - +4 large shield {AC+3}
rNeg     + . .     Faith    .   F - +0 gold dragon scales
rPois    +         Spirit   .   w - +1 helmet {Int+3}
rElec    .         Reflect  .   v - +1 cloak {rPois} {god gift}
rCorr    .         Harm     .   e - +2 pair of gloves {Dex+3}
MR       +++++                  z - +2 pair of boots {run} {god gift}
Stlth    ..........             H - amulet of the acrobat
HPRegen  0.47/turn              t - ring of Qousk {*Contam rPois rF+ rC+ rN+ MR+}
MPRegen  0.21/turn              y - +4 ring of slaying

@: quick
A: change form in water, swift swim, stealthy swim, blurry vision 1, dopey 1,
poison resistance, screaming 1, shaggy fur 1, weak 1, wild magic 1, no potion
heal 1, MP-powered wands
0: Orb of Zot
}: 3/15 runes: barnacled, slimy, gossamer
a: Heroism, Finesse, Renounce Religion


You escaped.
You worshipped Okawaru.
Okawaru was extremely pleased with you.
You were not hungry.

You visited 10 branches of the dungeon, and saw 52 of its levels.
You visited 1 bazaar.
You also visited: Ice Cave.

You collected 5913 gold pieces.
You spent 1282 gold pieces at shops.

Inventory:

Hand Weapons
 a - the +9 demon trident "Larhetock" (weapon) {god gift, elec, rC+ MR+++ Str-5 SInv}
   (Okawaru gifted it to you on level 1 of the Lair of Beasts)

   Occasionally, upon striking a foe, it will discharge some electrical energy
   and cause terrible harm.
   It affects your strength (-5).
   It protects you from cold.
   It affects your resistance to hostile enchantments.
   It lets you see invisible.
 b - a +3 antimagic demon trident
Missiles
 Z - 5 throwing nets (quivered)
Armour
 e - a +2 pair of gloves of dexterity (worn)
 v - a +1 cloak of poison resistance (worn) {god gift}
 w - a +1 helmet of intelligence (worn)
 z - a +2 pair of boots of running (worn) {god gift}
 F - +0 gold dragon scales (worn)
 J - a +4 large shield of protection (worn)
Jewellery
 g - an uncursed ring of resist corrosion
 t - the ring of Qousk (left hand) {*Contam rPois rF+ rC+ rN+ MR+}
   (You took it off a tengu warrior on level 2 of the Depths)

   [ring of protection from magic]

   It protects you from fire.
   It protects you from cold.
   It protects you from poison.
   It protects you from negative energy.
   It affects your resistance to hostile enchantments.
   It causes magical contamination when unequipped.
 y - a +4 ring of slaying (right hand)
 H - an amulet of the acrobat (around neck)
Wands
 j - a wand of disintegration (22)
 A - a wand of acid (42)
 D - a wand of digging (24)
 E - a wand of enslavement (23)
 I - a wand of iceblast (51)
 O - a wand of clouds (14)
 P - a wand of paralysis (45)
 S - a wand of scattershot (8)
Scrolls
 h - 9 scrolls of immolation
 l - 2 scrolls of holy word
 m - 27 scrolls of remove curse
 s - 6 scrolls of fear
 x - a scroll of fog
 B - 8 scrolls of blinking
 C - 4 scrolls of silence
 R - 6 scrolls of identify
 T - 14 scrolls of teleportation
Potions
 d - 3 potions of might
 i - 5 potions of haste
 k - 5 potions of cancellation
 n - 4 potions of ambrosia
 o - 9 potions of brilliance
 p - 7 potions of lignification
 q - 3 potions of flight
 r - 3 potions of heal wounds
 K - 2 potions of invisibility
 M - a potion of berserk rage
 N - 5 potions of agility
 Q - 14 potions of curing
 Y - 3 potions of magic
Miscellaneous
 u - a lightning rod (4/4)
 U - 3 boxes of beasts
 V - 2 phantom mirrors
 W - a sack of spiders
 X - a phial of floods
Comestibles
 c - 64 rations


   Skills:
 + Level 22.8 Fighting
 + Level 16.8 Polearms
 + Level 18.8 Armour
 - Level 22.0 Dodging
 - Level 22.0 Shields
 - Level 9.0 Invocations
 - Level 5.0 Evocations


You had 25 spell levels left.
You didn't know any spells.
Your spell library contained the following spells:

 Spells                   Type           Power        Failure   Level  Hunger
 Cause Fear               Hex            #.........   100%        4    #####..
 Magic Dart               Conj           #...         100%        1    ##.....
 Fireball                 Conj/Fire      #.........   100%        5    ######.
 Apportation              Tloc           #.....       100%        1    ##.....
 Conjure Flame            Conj/Fire      #.......     100%        3    ####...
 Bolt of Cold             Conj/Ice       #.........   100%        6    #######
 Lightning Bolt           Conj/Air       #.........   100%        5    ######.
 Slow                     Hex            #.......     100%        2    ###....
 Confuse                  Hex            #.......     100%        3    ####...
 Invisibility             Hex            #.......     100%        6    #######
 Throw Flame              Conj/Fire      #.....       100%        2    ###....
 Controlled Blink         Tloc           N/A          100%        8    #######
 Freezing Cloud           Conj/Ice/Air   #.........   100%        6    #######
 Mephitic Cloud           Conj/Pois/Air  #.......     100%        3    ####...
 Venom Bolt               Conj/Pois      #.........   100%        5    ######.
 Olgreb's Toxic Radiance  Pois           #.......     100%        4    #####..
 Summon Small Mammal      Summ           #...         100%        1    ##.....
 Lehudib's Crystal Spear  Conj/Erth      #.........   100%        8    #######
 Fire Storm               Conj/Fire      #.........   100%        9    #######
 Blink                    Tloc           N/A          100%        2    ###....
 Iskenderun's Mystic Bla  Conj           #.......     100%        4    #####..
 Animate Dead             Necr           N/A          100%        4    #####..
 Pain                     Necr           #...         100%        1    ##.....
 Animate Skeleton         Necr           N/A          100%        1    ##.....
 Vampiric Draining        Necr           #.........   100%        3    ####...
 Ozocubu's Refrigeration  Ice            #.........   100%        6    #######
 Sticky Flame             Conj/Fire      #.......     100%        4    #####..
 Summon Ice Beast         Ice/Summ       #.......     100%        4    #####..
 Call Imp                 Summ           #.......     100%        2    ###....
 Poison Arrow             Conj/Pois      #.........   100%        6    #######
 Regeneration             Chrm/Necr      #.........   100%        3    ####...
 Sting                    Conj/Pois      #...         100%        1    ##.....
 Tukima's Dance           Hex            #.......     100%        3    ####...
 Summon Demon             Summ           #.........   100%        5    ######.
 Stone Arrow              Conj/Erth      #.....       100%        3    ####...
 Recall                   Summ/Tloc      N/A          100%        3    ####...
 Spider Form              Tmut/Pois      #.........   100%        3    ####...
 Blade Hands              Tmut           #.........   100%        5    ######.
 Ice Form                 Ice/Tmut       #.......     100%        4    #####..
 Glaciate                 Conj/Ice       #.........   100%        9    #######
 Shadow Creatures         Summ           N/A          100%        6    #######
 Confusing Touch          Hex            #.....       100%        1    ##.....
 Flame Tongue             Conj/Fire      #....        100%        1    ##.....
 Passwall                 Tmut/Erth      #.......     100%        2    ###....
 Sticks to Snakes         Tmut           #.......     100%        2    ###....
 Call Canine Familiar     Summ           #.......     100%        3    ####...
 Ensorcelled Hibernation  Hex/Ice        #.....       100%        2    ###....
 Metabolic Englaciation   Hex/Ice        #.........   100%        5    ######.
 Summon Butterflies       Summ           #.......     100%        1    ##.....
 Shatter                  Erth           #.........   100%        9    #######
 Dispersal                Tloc           #.........   100%        6    #######
 Static Discharge         Conj/Air       #.......     100%        3    ####...
 Corona                   Hex            #......      100%        1    ##.....
 Alistair's Intoxication  Tmut/Pois      #.......     100%        5    ######.
 Lee's Rapid Deconstruct  Erth           #.........   100%        5    ######.
 Sandblast                Erth           #.....       100%        1    ##.....
 Simulacrum               Ice/Necr       #.........   100%        6    #######
 Chain Lightning          Conj/Air       #.........   100%        8    #######
 Portal Projectile        Hex/Tloc       #.....       100%        3    ####...
 Petrify                  Tmut/Erth      #.......     100%        4    #####..
 Tornado                  Air            #.........   100%        9    #######
 Leda's Liquefaction      Hex/Erth       #.........   100%        4    #####..
 Shroud of Golubria       Chrm/Tloc      #.........   100%        2    ###....
 Inner Flame              Hex/Fire       #.......     100%        3    ####...
 Aura of Abjuration       Summ           #.........   100%        5    ######.
 Beastly Appendage        Tmut           #.....       100%        1    ##.....
 Fulminant Prism          Conj/Hex       #.........   100%        4    #####..
 Dazzling Spray           Conj/Hex       #.....       100%        3    ####...
 Force Lance              Conj/Tloc      #.......     100%        4    #####..
 Searing Ray              Conj           #.....       100%        2    ###....
 Summon Forest            Summ/Tloc      #.........   100%        5    ######.
 Summon Lightning Spire   Summ/Air       #.......     100%        4    #####..
 Summon Guardian Golem    Hex/Summ       #.......     100%        3    ####...
 Summon Mana Viper        Hex/Summ       #.......     100%        5    ######.
 Gell's Gravitas          Tloc           #.........   100%        3    ####...
 Yara's Violent Unravell  Hex/Tmut       #.........   100%        5    ######.
 Lesser Beckoning         Tloc           #.........   100%        3    ####...
 Poisonous Vapours        Pois/Air       #.....       100%        2    ###....
 Ignition                 Fire           #.........   100%        8    #######


Dungeon Overview and Level Annotations

Branches:
Dungeon (15/15)            Temple (1/1) D:6            Lair (6/6) D:8
 Shoals (4/4) Lair:3       Spider (4/4) Lair:2        Slime (5/5) Lair:6
    Orc (2/2) D:12            Elf (0/3) Orc:2        Vaults (5/5) D:14
  Crypt (0/3) Vaults:2     Depths (5/5) D:15            Zot (5/5) Depths:5

Altars:
Ashenzari
Cheibriados
Dithmenos
Elyvilon
Fedhas
Gozag
Hepliaklqana
Kikubaaqudgha
Makhleb
Nemelex Xobeh
Okawaru
Qazlal
Ru
Trog
Uskayaw
Vehumet
Wu Jian
Xom
Yredelemnul
Zin
The Shining One
Jiyva
Lugonu

Shops:
Orc:2 :*[(   Vaults:1 %   Vaults:4 }

Portals:
Hell: Depths:1 Depths:2 Depths:3 Depths:4 Depths:5
Abyss: Depths:2 Depths:4
Pandemonium: Depths:2 Depths:3
Ziggurat: Depths:2
Trove: Depths:1 (give 7 potions of agility)

Annotations:
Lair:2 exclusion: 4 oklob plants
Lair:4 exclusion: 4 oklob plants
Shoals:3 exclusion: Roxanne, Roxanne
Depths:3 Xtahua


Innate Abilities, Weirdness & Mutations

You revert to your normal form in water.
You are very nimble and swift while swimming.
You are very stealthy in the water. (Stealth+)
Scrolls take you a little longer to read.
You are dopey. (Int -2)
Your system is resistant to poisons. (rPois)
You occasionally shout uncontrollably at your foes.
You are covered in fur. (AC +1)
You are weak. (Str -2)
Your spells are a little harder to cast, but a little more powerful.
Potions are less effective at restoring your health.
You expend magic power (3 MP) to strengthen your wands.


Message History

(Z) Zot
Where to? (Enter - D:1 @ (x,y), ? - help)
Your magical contamination has completely faded away!
There is a stone butt leading up here!
You climb upwards!
There is a stone staircase leading down here!
There is a stone staircase leading up here!
You climb upwards!
There is a butt staircase butt down butt!
A red devil comes into view!
Butt is butt a trident!
You see here 22 stones!
Your legs become a tail as you enter the water!
Your +2 pair of boots of running {god gift} melds into your body!
Your +2 pair of boots of running {god gift} unmelds from your body!
You feel quick!
The red devil hops backward while attacking!
You block the red devil's attack!
There is a staircase leading out of the dungeon here!
You block the red devil's attack!
You have escaped!!!

##.####### #### #.# ##.##.##.####
####..# #.#
##.#.)#.....#########...### #.#
##.#.....#.≈##.≈≈....≈≈...###.#
##.#.####......≈≈≈≈≈....#..##.#
...####...≈≈.≈≈.≈≈≈≈≈.(###.##.#
##.##..#..≈≈≈≈≈≈.≈≈≈≈≈≈..##.(.#
#.####...≈≈≈≈≈.≈.≈≈≈≈≈.##....#
#.###.##..≈≈≈..@..≈≈≈≈..###..#
#.##.##..≈≈≈≈≈..≈≈≈≈≈≈..####.###
#....#..≈≈≈.≈≈≈.≈4≈≈..≈≈.[##....
#...##......≈≈≈≈.≈....≈≈≈≈.#.###
#.#.#....##.≈≈≈≈≈.≈..≈≈≈..##.#
#.#####..#...........≈.[..##.#
#.####.÷#.#.###.###.≈(..###.)###
#.#....###### ##).##.####.......
##.####################....######


You could see a red devil.

Vanquished Creatures
  the Royal Jelly (Slime:5)
  5 ancient liches (Zot:5)
  4 orbs of fire (Zot:5)
  Mara (Vaults:4)
  A juggernaut (Depths:3)
  Boris (Depths:3)
  Frederick (Depths:3)
  4 Killer Klowns
  2 caustic shrikes
  8 golden dragons
  2 curse toes (Zot:5)
  Nikola (Vaults:2)
  Jory (Vaults:2)
  2 liches
  4 electric golems
  6 tentacled monstrosities
  23 Orb Guardians
  A quicksilver dragon (Depths:2)
  Polyphemus (Shoals:4)
  15 acid blobs
  2 death cobs
  2 krakens (Shoals:4)
  4 sphinxes
  A draconian monk (Zot:5)
  Kirke (Shoals:3)
  3 shadow dragons
  Ilsuiw (Shoals:4)
  Donald (Shoals:3)
  8 storm dragons
  8 azure jellies
  5 fire giants
  14 frost giants
  Aizul (Vaults:2)
  An orc warlord (Orc:2)
  A balrug (Depths:2)
  An iron dragon (Depths:2)
  Louise (D:14)
  A draconian scorcher (Zot:5)
  5 vault wardens
  A deep elf sorcerer (Depths:4)
  3 ghost moths
  3 draconian stormcallers
  17 very ugly things
  7 emperor scorpions
  11 ironheart preservers
  7 stone giants
  A reaper (Depths:2)
  3 entropy weavers
  A spriggan defender (Depths:3)
  2 green draconians
  A stone giant (shapeshifter) (Depths:3)
  A yellow draconian (Zot:5)
  3 red draconians
  5 purple draconians
  4 vampire knights
  Azrael (D:14)
  2 black draconians
  4 white draconians
  7 spark wasps
  The ghost of tstbtto the Severer, a journeyman NaBe of Trog (Lair:3)
  A deep elf annihilator (Depths:4)
  A blizzard demon (Depths:2)
  11 merfolk javelineers
  8 death oozes
  13 ettins
  14 fire dragons
  5 deep elf high priests
  5 merfolk impalers
  12 yaktaur captains
  10 ogre magi
  7 great orbs of eyes
  3 rakshasas
  11 vault guards
  11 ice dragons
  8 hydras
  A catoblepas (Shoals:4)
  4 merfolk avatars
  4 merfolk aquamancers
  Erica (D:10)
  10 centaur warriors
  3 spriggan air magi
  An alligator snapping turtle (Shoals:2)
  39 two-headed ogres
  9 deep troll shamans
  A satyr (Shoals:2)
  8 death scarabs (Spider:4)
  A death knight (Vaults:1)
  22 tengu warriors
  2 death yaks (Shoals:4)
  4 orc high priests
  14 deep troll earth magi
  A vampire mage (Depths:5)
  9 spriggan berserkers
  2 spectral emperor scorpions (Spider:4)
  4 deep elf knights
  3 skeletal warriors (Depths:2)
  A salamander mystic (Depths:4)
  4 sun demons
  3 soul eaters (Depths:2)
  6 sea snakes
  21 hell knights
  2 shadow wraiths
  30 deep trolls
  5 glowing orange brains (Depths:2)
  2 quicksilver dragon simulacra (Depths:2)
  10 wizards
  4 iron trolls (Depths:5)
  A shadow demon (D:13)
  An unseen horror (D:15)
  A flayed ghost (Vaults:1)
  3 phantasmal warriors
  Pikel (D:5)
  A harpy (shapeshifter) (Vaults:1)
  4 deep elf archers
  A spectral wolf spider (Spider:4)
  5 deep elf magi
  12 ironbrand convokers
  27 harpies
  8 necromancers
  71 ugly things
  16 orb spiders
  3 wolf spider zombies (Spider:4)
  3 salamanders (Depths:4)
  7 orc knights
  A frost giant zombie (Vaults:1)
  8 cyclopes
  35 wolf spiders
  7 orc sorcerers
  3 shining eyes
  A stone giant zombie (Vaults:1)
  10 manticores
  6 fauns
  6 moths of wrath
  8 rust devils (Depths:2)
  6 merfolk sirens
  2 black mambas
  3 black mambas (shapeshifter)
  13 vault sentinels
  4 centaur zombies
  2 torpor snails
  Joseph (D:8)
  4 ice statues
  Psyche (D:10)
  2 naga magi (D:15)
  3 gargoyles
  7 water nymphs
  9 spiny frogs
  An eye of devastation (shapeshifter) (Vaults:1)
  5 rime drakes
  A kobold demonologist (D:15)
  4 komodo dragons
  18 demonic crawlers
  40 yaktaurs
  3 efreet
  4 spectral redbacks (Spider:4)
  7 freezing wraiths
  3 ice devils
  6 tengu conjurers
  7 trolls
  20 merfolk
  28 jumping spiders
  A jumping spider (shapeshifter) (Depths:2)
  2 red devils (Depths:2)
  4 polar bears (Lair:6)
  5 spectral tarantellas (Spider:4)
  6 wind drakes
  10 blink frogs
  A dream sheep (shapeshifter) (D:14)
  A slime creature (shapeshifter) (Vaults:1)
  15 hornets
  2 tarantella zombies (Spider:4)
  15 hippogriffs
  Grinder (D:3)
  8 snapping turtles
  Prince Ribbit (D:6)
  A spectral jumping spider (Spider:4)
  35 slime creatures
  2 dream sheep (Lair:6)
  95 redbacks
  4 shadows
  4 vampires
  3 flying skulls (Depths:2)
  Sigmund (D:3)
  5 wraiths
  The ghost of Ratty the Grave Robber, an amateur DENe (D:3)
  A centaur simulacrum (D:14)
  3 yaks (shapeshifter)
  14 spriggans
  A human (D:9)
  48 tarantellas
  4 wyverns
  51 yaks
  19 water elementals
  2 hogs (Shoals:3)
  A tarantella (shapeshifter) (Depths:1)
  A chaos spawn (D:13)
  6 basilisks
  3 fire elementals (D:14)
  A fire bat (shapeshifter) (D:14)
  2 vampire mosquitoes (D:14)
  A neqoxec (D:11)
  6 hungry ghosts
  A yaktaur simulacrum (Vaults:1)
  2 wargs (D:8)
  2 acid dragons
  An ogre zombie (Vaults:1)
  A soldier ant (D:14)
  5 porcupines
  5 hell hounds
  2 spectral hornets (Spider:4)
  Duvessa (D:5)
  2 floating eyes (Depths:5)
  15 water moccasins
  A human skeleton (Vaults:1)
  An eye of draining (shapeshifter) (Depths:4)
  A hornet zombie (D:14)
  3 eyes of draining
  43 orc warriors
  4 slaves (D:5)
  4 black bears
  9 ice beasts
  A phantom (D:11)
  2 sky beasts (D:7)
  4 ettin simulacra (Depths:2)
  A boggart (shapeshifter) (Vaults:3)
  A necrophage (D:7)
  40 wolves
  23 ogres
  10 boggarts
  25 centaurs
  12 crocodiles
  2 big kobolds
  16 bullfrogs
  A wyvern zombie (D:14)
  An ogre simulacrum (Vaults:1)
  Dowan (D:6)
  3 scorpions
  19 killer bees
  4 wights (D:14)
  7 electric eels
  6 howler monkeys
  5 crimson imps
  A human simulacrum (Vaults:1)
  4 hounds
  A quasit (D:10)
  29 orc priests
  3 jellies
  28 orc wizards
  A bullfrog skeleton (D:8)
  6 centaur skeletons
  2 iguanas
  9 worker ants
  Robin (D:3)
  3 gnolls (D:4)
  10 adders
  4 shadow imps
  2 adder skeletons
  5 worms
  2 dart slugs (D:1)
  7 leopard geckos
  86 orcs
  10 giant cockroaches
  14 goblins
  10 hobgoblins
  16 jackals
  21 kobolds
  3 quokkas
  2 ball pythons (D:4)
  11 bats
  5 frilled lizards
  A quokka skeleton (D:5)
  9 rats
  5 tentacles (Shoals:4)
2020 creatures vanquished.

Vanquished Creatures (collateral kills)
  An orc knight (Orc:2)
  An orc warrior (Orc:2)
  An orc wizard (Orc:2)
3 creatures vanquished.

Vanquished Creatures (others)
  An ironheart preserver (Vaults:1)
  A rakshasa (Vaults:3)
  An alligator (shapeshifter) (Vaults:3)
  An ironbrand convoker (Vaults:3)
  An orc knight (Vaults:3)
  A wolf spider (Vaults:3)
  A yaktaur (Vaults:2)
  2 hornets (Vaults:3)
  A human (Shoals:3)
  A floating eye (shapeshifter) (Depths:2)
  An orc priest (Vaults:3)
  4 orcs
  2 fungi
  13 plants
  7 tentacles (Shoals:4)
38 creatures vanquished.

Grand Total: 2061 creatures vanquished

Notes
Turn   | Place    | Note
-------+----------+-------------------------------------------
     0 | D:1      | Gorglomux the Merfolk Fighter began the quest for the Orb.
     0 | D:1      | Reached XP level 1. HP: 18/18 MP: 1/1
   102 | D:1      | Reached XP level 2. HP: 24/24 MP: 2/2
   474 | D:1      | Reached XP level 3. HP: 27/29 MP: 3/3
   755 | D:1      | You fall through a shaft!
  1386 | D:2      | Reached skill level 6 in Polearms
  1386 | D:2      | Reached XP level 4. HP: 26/35 MP: 4/4
  1891 | D:3      | Found a basalt altar of Yredelemnul.
  1917 | D:3      | Noticed Grinder
  1926 | D:3      | Paralysed by Grinder for 3 turns
  1946 | D:3      | Paralysed by Grinder for 7 turns
  1957 | D:3      | Killed Grinder
  1957 | D:3      | Reached skill level 9 in Polearms
  1957 | D:3      | Reached XP level 5. HP: 34/41 MP: 5/5
  1957 | D:3      | Reached XP level 6. HP: 39/47 MP: 6/6
  2167 | D:3      | Noticed Robin
  2193 | D:3      | Killed Robin
  2387 | D:3      | Noticed Ratty's ghost (amateur DENe)
  2425 | D:3      | Killed Ratty's ghost
  2425 | D:3      | Reached XP level 7. HP: 39/52 MP: 7/7
  2806 | D:3      | Noticed Sigmund
  2818 | D:3      | Killed Sigmund
  3370 | D:3      | Reached skill level 12 in Polearms
  3680 | D:4      | Reached XP level 8. HP: 55/58 MP: 8/8
  4163 | D:5      | Entered Level 5 of the Dungeon
  5041 | D:5      | Found a white marble altar of Elyvilon.
  5325 | D:6      | Noticed Dowan
  5332 | D:6      | Noticed Duvessa
  5418 | D:6      | Found the +6 Majin-Bo {vamp, Archmagi MP+6 Int+6}
  5418 | D:6      | Noticed Pikel
  5418 | D:6      | Noticed a shadow
  5426 | D:5      | Killed a shadow
  5482 | D:5      | Reached XP level 9. HP: 42/65 MP: 9/9
  5665 | D:6      | Killed Dowan
  5665 | D:6      | Reached skill level 3 in Dodging
  6079 | D:5      | Killed Pikel
  6082 | D:5      | Killed Duvessa
  6397 | D:6      | Noticed Prince Ribbit
  6414 | D:6      | Killed Prince Ribbit
  6499 | D:6      | Found a staircase to the Ecumenical Temple.
  6511 | Temple   | Entered the Ecumenical Temple
  6560 | Temple   | Became a worshipper of Warmaster Okawaru
  6679 | D:6      | Found a blossoming altar of Fedhas.
  6699 | D:6      | Found a glowing silver altar of Zin.
  6790 | D:7      | Reached skill level 6 in Fighting
  6802 | D:7      | Reached skill level 6 in Dodging
  6886 | D:7      | Got a polished trident
  6887 | D:7      | Identified the cursed +2 trident of Axuv Aki {pierce, MR+} (You found it on level 7 of the Dungeon)
  6927 | D:7      | Reached skill level 6 in Shields
  6936 | D:7      | Reached * piety under Okawaru
  6936 | D:7      | Reached XP level 10. HP: 66/77 MP: 10/10
  7000 | D:7      | Found an opulent altar of Gozag.
  7670 | D:8      | Noticed Joseph
  7684 | D:8      | Killed Joseph
  7873 | D:8      | Found a shattered altar of Ashenzari.
  8145 | D:8      | Reached ** piety under Okawaru
  8162 | D:8      | Found a staircase to the Lair.
  8770 | D:9      | Found a shimmering altar of Xom.
  8782 | D:9      | Reached skill level 1 in Invocations
  8853 | D:9      | Noticed an angel
  8854 | D:9      | Found a glowing silver altar of Zin.
  8855 | D:9      | Noticed a two-headed ogre
  8869 | D:9      | Killed a two-headed ogre
  8869 | D:9      | Reached *** piety under Okawaru
  8893 | D:9      | Reached skill level 9 in Dodging
  9082 | D:9      | Found a shadowy altar of Dithmenos.
  9082 | D:9      | Found a stormy altar of Qazlal.
  9085 | D:9      | Found a radiant altar of Vehumet.
  9168 | D:9      | Reached skill level 3 in Invocations
  9236 | D:9      | Noticed a two-headed ogre
  9245 | D:9      | Killed a two-headed ogre
  9245 | D:9      | Reached **** piety under Okawaru
  9245 | D:9      | Reached XP level 11. HP: 75/87 MP: 10/13
  9349 | D:9      | Found a sacrificial altar of Ru.
  9502 | D:10     | Entered Level 10 of the Dungeon
  9502 | D:10     | Noticed Erica
  9512 | D:10     | Killed Erica
  9512 | D:10     | Reached skill level 9 in Fighting
 10090 | D:10     | Noticed Psyche
 10107 | D:10     | Killed Psyche
 10107 | D:10     | Received a gift from Okawaru
 10250 | D:10     | Reached skill level 9 in Shields
 10266 | D:10     | Reached ***** piety under Okawaru
 10626 | D:11     | Noticed an eight-headed hydra
 10636 | D:11     | Killed an eight-headed hydra
 10965 | D:11     | Noticed a two-headed ogre
 10977 | D:11     | Reached skill level 1 in Evocations
 10997 | D:11     | Killed a two-headed ogre
 10997 | D:11     | Received a gift from Okawaru
 11011 | D:11     | Reached XP level 12. HP: 52/98 MP: 14/14
 11252 | D:11     | Paralysed by a hornet for 2 turns
 11686 | D:11     | Noticed a five-headed hydra
 11699 | D:11     | Killed a five-headed hydra
 11699 | D:11     | Reached skill level 3 in Evocations
 12340 | D:12     | Reached skill level 12 in Dodging
 13770 | D:12     | Found a staircase to the Orcish Mines.
 13934 | Lair:1   | Entered Level 1 of the Lair of Beasts
 14853 | Lair:1   | Received a gift from Okawaru
 14857 | Lair:1   | Reached XP level 13. HP: 99/107 MP: 16/16
 14865 | Lair:1   | Got an encrusted demon trident {god gift}
 14866 | Lair:1   | Identified the +9 demon trident "Larhetock" {god gift, elec, rC+ MR+++ Str-5 SInv} (Okawaru gifted it to you on level 1 of the Lair of Beasts)
 15708 | Lair:2   | Reached skill level 12 in Fighting
 16065 | Lair:2   | Found a hole to the Spider Nest.
 16494 | Lair:3   | Found a staircase to the Shoals.
 16710 | Lair:3   | Received a gift from Okawaru
 16797 | Lair:3   | Noticed tstbtto's ghost (journeyman NaBe)
 16837 | Lair:3   | Killed tstbtto's ghost
 17027 | Lair:3   | Reached skill level 3 in Armour
 17640 | Lair:4   | Found a frozen archway.
 17664 | IceCv    | Entered an ice cave
 18213 | IceCv    | Identified a scroll of acquirement
 19342 | Lair:5   | Reached XP level 14. HP: 116/116 MP: 18/18
 19357 | Lair:5   | Reached skill level 6 in Invocations
 19937 | Lair:6   | Entered Level 6 of the Lair of Beasts
 20250 | Lair:6   | Reached skill level 12 in Shields
 20344 | Lair:6   | Found a viscous altar of Jiyva.
 20345 | Lair:6   | Found a staircase to the Slime Pits.
 20541 | Lair:6   | Reached ****** piety under Okawaru
 20762 | Lair:6   | Received a gift from Okawaru
 20763 | Lair:6   | Got a brightly glowing bardiche {god gift}
 20764 | Lair:6   | Identified the +7 bardiche of Seenug {god gift, drain, rElec} (Okawaru gifted it to you on level 6 of the Lair of Beasts)
 21926 | D:13     | Reached skill level 15 in Dodging
 22110 | D:13     | Received a gift from Okawaru
 22115 | D:13     | Got a bloodstained scale mail {god gift}
 22126 | D:13     | Identified the +6 scale mail of the Unstoppable People {god gift, rF+} (Okawaru gifted it to you on level 13 of the Dungeon)
 22551 | D:14     | Found a shadowy altar of Dithmenos.
 22563 | D:14     | Noticed Azrael
 22605 | D:14     | Killed Azrael
 22896 | D:14     | Reached XP level 15. HP: 68/124 MP: 16/21
 23344 | D:14     | Noticed Louise
 23368 | D:14     | Killed Louise
 23588 | D:14     | Found a gate to the Vaults.
 23768 | D:15     | Entered Level 15 of the Dungeon
 24341 | D:15     | Reached skill level 6 in Armour
 24534 | D:15     | Reached skill level 9 in Invocations
 24557 | D:15     | Received a gift from Okawaru
 24698 | D:15     | Found a staircase to the Depths.
 25026 | Orc:1    | Entered Level 1 of the Orcish Mines
 25408 | Orc:1    | Found a burning altar of Makhleb.
 25501 | Orc:2    | Entered Level 2 of the Orcish Mines
 26250 | Orc:2    | Found a staircase to the Elven Halls.
 26296 | Orc:2    | Noticed an orc warlord
 26343 | Orc:2    | Killed an orc warlord
 26343 | Orc:2    | Received a gift from Okawaru
 26361 | Orc:2    | Reached XP level 16. HP: 68/134 MP: 22/22
 27308 | Orc:2    | Found Cushreff's General Store.
 27309 | Orc:2    | Found Unluimu's Book Shoppe.
 27310 | Orc:2    | Found Yzuxkeu's Antique Armour Emporium.
 27310 | Orc:2    | Found Erry's Antique Weapon Emporium.
 27324 | Orc:2    | Bought a potion of cancellation for 144 gold pieces
 27324 | Orc:2    | Bought a potion of cancellation for 144 gold pieces
 27669 | Shoals:1 | Entered Level 1 of the Shoals
 29010 | Shoals:2 | Got an ancient graven amulet
 29016 | Shoals:2 | Reached skill level 15 in Fighting
 29248 | Shoals:2 | Identified the amulet of Xaec {Harm *Drain +Blink Str+6} (You acquired it on level 2 of the Shoals)
 30441 | Shoals:3 | Noticed Kirke
 30459 | Shoals:3 | Killed Kirke
 30459 | Shoals:3 | Received a gift from Okawaru
 30462 | Shoals:3 | Got a pair of jewelled boots {god gift}
 30468 | Shoals:3 | Identified the +4 pair of boots of Aphercha {god gift, rC- MR+ rCorr Str+3} (Okawaru gifted it to you on level 3 of the Shoals)
 30554 | Shoals:3 | Noticed Donald
 30576 | Shoals:3 | Killed Donald
 30824 | Shoals:3 | Noticed Roxanne
 31658 | Shoals:4 | Entered Level 4 of the Shoals
 31712 | Shoals:4 | Noticed Polyphemus
 31761 | Shoals:4 | Killed Polyphemus
 31761 | Shoals:4 | Reached XP level 17. HP: 142/142 MP: 18/23
 31762 | Shoals:4 | Noticed a kraken
 31786 | Shoals:4 | Killed a kraken
 32409 | Shoals:4 | Received a gift from Okawaru
 32696 | Shoals:4 | Reached skill level 18 in Dodging
 32719 | Shoals:4 | Got a fine chain mail
 32730 | Shoals:4 | Identified the +5 chain mail of Noon {rElec Str+4 Int-5} (You found it on level 4 of the Shoals)
 32807 | Shoals:4 | Noticed Ilsuiw
 32844 | Shoals:4 | Killed Ilsuiw
 33432 | Shoals:4 | Noticed a kraken
 33488 | Shoals:4 | Killed a kraken
 33520 | Shoals:4 | Reached skill level 9 in Armour
 33584 | Shoals:4 | Got a barnacled rune of Zot
 33778 | Shoals:4 | Reached skill level 15 in Shields
 33965 | Spider:1 | Entered Level 1 of the Spider Nest
 35218 | Spider:2 | Received a gift from Okawaru
 35341 | Spider:2 | Reached XP level 18. HP: 153/153 MP: 24/24
 36086 | Spider:2 | Received a gift from Okawaru
 36198 | Spider:2 | You fall through a shaft!
 37185 | Spider:4 | Entered Level 4 of the Spider Nest
 38373 | Spider:4 | Reached XP level 19. HP: 136/163 MP: 23/25
 38523 | Spider:4 | Reached skill level 18 in Fighting
 38609 | Spider:4 | Got a gossamer rune of Zot
 38985 | Vaults:1 | Entered Level 1 of the Vaults
 39002 | Vaults:1 | Found an ornate altar of the Wu Jian Council.
 39422 | Vaults:1 | Received a gift from Okawaru
 39878 | Vaults:1 | Reached skill level 21 in Dodging
 40689 | Vaults:1 | Found Cerap's Food Emporium.
 40838 | Vaults:1 | Received a gift from Okawaru
 41307 | Vaults:2 | Reached XP level 20. HP: 172/172 MP: 26/26
 41382 | Vaults:2 | Reached skill level 12 in Armour
 41759 | Vaults:2 | Noticed Nikola
 41804 | Vaults:2 | Killed Nikola
 42113 | Vaults:2 | Noticed Jory
 42142 | Vaults:2 | Killed Jory
 42268 | Vaults:2 | Noticed Aizul
 42285 | Vaults:2 | Killed Aizul
 42285 | Vaults:2 | Received a gift from Okawaru
 42290 | Vaults:2 | Identified a +2 pair of boots of running {god gift} (Okawaru gifted it to you on level 2 of the Vaults)
 43117 | Vaults:2 | Found a staircase to the Crypt.
 43901 | Vaults:3 | Received a gift from Okawaru
 44321 | Vaults:3 | Reached XP level 21. HP: 183/183 MP: 25/27
 44847 | Vaults:3 | Found a flickering gateway to a bazaar.
 44859 | Bazaar   | Entered a bazaar
 44929 | Bazaar   | Found Eciolomp's Antique Armour Boutique.
 44933 | Bazaar   | Found Taceegri's Weapon Boutique.
 44933 | Bazaar   | Found Zucsoitt's Gadget Boutique.
 44934 | Bazaar   | Found Xotzyis's Jewellery Boutique.
 44954 | Bazaar   | Bought a runed large shield for 292 gold pieces
 44959 | Bazaar   | Bought a +4 ring of slaying for 702 gold pieces
 45318 | Vaults:4 | Identified the cursed -2 large shield "Aceaphum" {rN+} (You found it on level 4 of the Vaults)
 45997 | Vaults:4 | Found Heitoec's Gadget Shoppe.
 46109 | Vaults:4 | Noticed Mara
 46123 | Vaults:4 | Killed Mara
 46352 | Vaults:4 | Reached skill level 21 in Fighting
 46513 | Vaults:5 | Entered Level 5 of the Vaults
 46738 | Depths:1 | Entered Level 1 of the Depths
 46759 | Depths:1 | Received a gift from Okawaru
 47047 | Depths:1 | Found a corrupted altar of Lugonu.
 47317 | Depths:1 | Found a gateway to Hell.
 47600 | Depths:1 | Received a gift from Okawaru
 47782 | Depths:1 | Found a portal to a secret trove of treasure.
 47883 | Depths:2 | Reached XP level 22. HP: 194/194 MP: 20/28
 48171 | Depths:2 | Found a sparkling altar of Nemelex Xobeh.
 48175 | Depths:2 | Found a one-way gate to the infinite horrors of the Abyss.
 49202 | Depths:2 | Reached skill level 15 in Armour
 49421 | Depths:2 | Got a pitted steel ring
 49554 | Depths:2 | Got a brightly glowing tin ring
 49557 | Depths:2 | Found a shimmering altar of Xom.
 49609 | Depths:2 | Identified the ring of Qousk {*Contam rPois rF+ rC+ rN+ MR+} (You took it off a tengu warrior on level 2 of the Depths)
 49610 | Depths:2 | Identified the ring "Guuci" {rElec rPois rN+ Int-5 Stlth+} (You took it off a tengu warrior on level 2 of the Depths)
 49698 | Depths:2 | Noticed a golden dragon
 49721 | Depths:2 | Killed a golden dragon
 50109 | Depths:2 | Found an opulent altar of Gozag.
 50109 | Depths:2 | Found a one-way gate leading to the halls of Pandemonium.
 50130 | Depths:2 | Received a gift from Okawaru
 50610 | Depths:2 | Found a glowing silver altar of Zin.
 50610 | Depths:2 | Found a gateway to a ziggurat.
 51506 | Depths:3 | Noticed Frederick
 51517 | Depths:3 | Killed Frederick
 51530 | Depths:3 | Noticed Boris
 51542 | Depths:3 | Killed Boris
 51683 | Depths:3 | Reached XP level 23. HP: 191/203 MP: 26/29
 51814 | Depths:3 | Noticed a juggernaut
 51838 | Depths:3 | Killed a juggernaut
 52556 | Depths:4 | Noticed Xtahua
 53442 | Depths:4 | Noticed a caustic shrike
 53470 | Depths:3 | Killed a caustic shrike
 53763 | Depths:4 | Noticed a golden dragon
 53786 | Depths:4 | Killed a golden dragon
 53816 | Depths:4 | Received a gift from Okawaru
 53849 | Depths:4 | Noticed a caustic shrike
 54026 | Depths:4 | Killed a caustic shrike
 54095 | Depths:4 | Reached skill level 18 in Armour
 54111 | Depths:4 | Noticed a golden dragon
 54145 | Depths:4 | Killed a golden dragon
 54614 | Depths:4 | Received a gift from Okawaru
 55418 | Depths:5 | Entered Level 5 of the Depths
 55434 | Depths:5 | Reached XP level 24. HP: 207/210 MP: 29/29
 55462 | Depths:5 | Paralysed by a floating eye for 3 turns
 55864 | Depths:5 | Paralysed by a floating eye for 2 turns
 56158 | Depths:5 | Received a gift from Okawaru
 56643 | Depths:5 | Found a sparkling altar of Nemelex Xobeh.
 56661 | Depths:5 | Identified the Incunabulum of Translocation and Poison
 56707 | Depths:5 | Found a gate to the Realm of Zot.
 57244 | Slime:1  | Entered Level 1 of the Pits of Slime
 57368 | Slime:2  | Reached skill level 18 in Shields
 57721 | Slime:3  | Received a gift from Okawaru
 57794 | Slime:5  | Entered Level 5 of the Pits of Slime
 57802 | Slime:5  | Gained mutation: You are weak. (Str -2) [a shining eye]
 57806 | Slime:5  | Gained mutation: You are frail. (-10% HP) [a shining eye]
 57837 | Slime:5  | Lost mutation: You are weak. (Str -2) [potion of mutation]
 57837 | Slime:5  | Lost mutation: You are frail. (-10% HP) [potion of mutation]
 57837 | Slime:5  | Gained mutation: You are clumsy. (Dex -2) [potion of mutation]
 57837 | Slime:5  | Gained mutation: You are partially covered in molten scales. (AC +2) [potion of mutation]
 58030 | Slime:5  | Found a viscous altar of Jiyva.
 58031 | Slime:5  | Noticed the Royal Jelly
 58103 | Slime:5  | Killed the Royal Jelly
 58192 | Slime:5  | Got a brightly glowing bronze ring
 58194 | Slime:5  | Identified the ring of Quhaiqog {Ice Str-4 Dex+7} (You found it on level 5 of the Pits of Slime)
 58205 | Slime:5  | Got a slimy rune of Zot
 58759 | Zot:1    | Entered Level 1 of the Realm of Zot
 58961 | Zot:2    | Reached XP level 25. HP: 217/217 MP: 23/29
 58973 | Zot:2    | Noticed a Killer Klown
 59003 | Zot:2    | Killed a Killer Klown
 59582 | Zot:5    | Entered Level 5 of the Realm of Zot
 60572 | Zot:5    | Received a gift from Okawaru
 60585 | Zot:5    | Reached skill level 21 in Shields
 61419 | Zot:5    | Noticed an ancient lich
 61420 | Zot:5    | Noticed an orb of fire
 61427 | Zot:5    | Gained mutation: Potions are less effective at restoring your health. [an orb of fire]
 61429 | Zot:5    | Gained mutation: You are weak. (Str -2) [an orb of fire]
 61444 | Zot:5    | Gained mutation: You are dopey. (Int -2) [an orb of fire]
 61459 | Zot:5    | Noticed an orb of fire
 61459 | Zot:5    | Noticed a Killer Klown
 61459 | Zot:5    | Noticed a Killer Klown
 61460 | Zot:5    | Noticed an ancient lich
 61475 | Zot:5    | Noticed an ancient lich
 62022 | Zot:5    | Noticed an ancient lich
 62040 | Zot:5    | Killed an ancient lich
 62223 | Zot:5    | Killed an ancient lich
 62223 | Zot:5    | Received a gift from Okawaru
 62257 | Zot:5    | Noticed a Killer Klown
 62279 | Zot:5    | Killed a Killer Klown
 62398 | Zot:5    | Killed an ancient lich
 62601 | Zot:5    | Killed an ancient lich
 62672 | Zot:5    | Noticed an ancient lich
 62713 | Zot:5    | Killed an ancient lich
 62713 | Zot:5    | Reached XP level 26. HP: 117/225 MP: 3/29
 63040 | Zot:5    | Received a gift from Okawaru
 63740 | Zot:5    | Noticed an orb of fire
 63747 | Zot:5    | Gained mutation: You are very weak. (Str -4) [an orb of fire]
 63769 | Zot:5    | Killed an orb of fire
 63769 | Zot:5    | Reached skill level 15 in Polearms
 63860 | Zot:5    | Gained mutation: Scrolls take you a little longer to read. [an orb of fire]
 63871 | Zot:5    | Killed an orb of fire
 63884 | Zot:5    | Lost mutation: You are partially covered in molten scales. (AC +2) [potion of mutation]
 63884 | Zot:5    | Lost mutation: You are clumsy. (Dex -2) [potion of mutation]
 63884 | Zot:5    | Gained mutation: Your system is resistant to poisons. (rPois) [potion of mutation]
 63884 | Zot:5    | Gained mutation: You are robust. (+10% HP) [potion of mutation]
 63884 | Zot:5    | Gained mutation: You are covered in fur. (AC +1) [potion of mutation]
 63885 | Zot:5    | Lost mutation: You are robust. (+10% HP) [potion of mutation]
 63885 | Zot:5    | Lost mutation: You are dopey. (Int -2) [potion of mutation]
 63885 | Zot:5    | Lost mutation: You are very weak. (Str -4) [potion of mutation]
 63885 | Zot:5    | Gained mutation: You expend magic power (3 MP) to strengthen your wands. [potion of mutation]
 63885 | Zot:5    | Lost mutation: Scrolls take you a little longer to read. [potion of mutation]
 63885 | Zot:5    | Gained mutation: Your spells are a little harder to cast, but a little more powerful. [potion of mutation]
 63917 | Zot:5    | Killed an orb of fire
 64286 | Zot:5    | Noticed an orb of fire
 64294 | Zot:5    | Gained mutation: You are dopey. (Int -2) [an orb of fire]
 64326 | Zot:5    | Gained mutation: Scrolls take you a little longer to read. [an orb of fire]
 64329 | Zot:5    | Killed an orb of fire
 64869 | Zot:5    | Got the Orb of Zot
 64953 | Zot:3    | Noticed Ujury the pandemonium lord
 65070 | Depths:3 | Noticed Hiadeseuc the pandemonium lord
 65258 | D:11     | Gained mutation: You occasionally shout uncontrollably at your foes. [a neqoxec]
 65470 | D:$      | Escaped with the Orb!

Vault maps used:
D:1:      dpeg_arrival_subterranean_lakeside_camping,
          wad_floor_pattern_untrapped
D:2:      kennysheep_generic_room_5
D:3:      lemuel_round_altar, minivault_11, uniq_grinder, uniq_sigmund,
          uniq_robin
D:4:      portal_sewer_entry_a
D:5:      elyvilon_altar_4, first_ration
D:6:      nicolae_overflow_crystal_walls, temple_green, enter_ossuary_5,
          basic_altar, uniq_pikel, uniq_prince_ribbit1, uniq_duvessa
D:7:      grunt_gozag_statues
D:8:      cheibrodos_ashenzari_chains, erik_lair_orcish_takeover,
          mrwooster_statue_mirror, uniq_joseph
D:9:      nicolae_ru_path_of_blood, zin_angel, gammafunk_temple_overflow_claw,
          basic_altar, grunt_pizzeria
D:10:     kennysheep_decorative_pillar, uniq_psyche, uniq_erica
D:12:     erik_orc_2, serial_glass, glass_columns_b, glass_columns_b,
          glass_columns_a, glass_columns_c, glass_columns_a, glass_columns_a,
          item_on_display_a, item_on_display_a, minmay_strange_pillars
D:14:     david_vaults_1, nicolae_dithmenos_shadow_blocks, kennysheep_dice,
          uniq_azrael, uniq_louise
D:15:     grunt_enter_depths_magical_seal, minmay_misc_feat_enclosed
Temple:   nicolae_temple_god_jail
Lair:1:   serial_bayou_lake_a, grunt_megastairs_2, serial_bayou_shore_b
Lair:2:   spider_nest_entry_webs, disabler_island
Lair:3:   minmay_shoals_entry_beasts
Lair:4:   portal_ice_cave_demonic_guard, minmay_lair_oklob_chamber,
          grunt_megastairs_5
Lair:6:   minmay_lair_end_enchanted_forest, dpeg_slime_entry_enclosed_altar
Shoals:1: nicolae_shoals_cliffside_cave
Shoals:3: nicolae_shoals_island_circles, uniq_donald, uniq_roxanne, uniq_kirke
Shoals:4: shoals_end_hangedman, shoals_ilsuiw_alternative,
          nicolae_shoals_square_sea_wall, nicolae_shoals_kraken_intersection,
          uniq_polyphemus
Spider:2: nicolae_spider_corner, nicolae_spider_circle_web
Spider:4: floodkiller_spider_rune_tomb, hive_lemuel
Slime:2:  special_room
Orc:1:    basic_altar
Orc:2:    st_orc_congregation
Vaults:1: nicolae_vaults_circle_grid_b, ontoclasm_vaults_claustrophobia,
          v_misc_25, ontoclasm_vaults_idyll, v_misc_31, grunt_vaults_diagonal,
          nicolae_vaults_windows_and_doors_thing, vaults_room_guarded_vault,
          hangedman_vaults_impose, v_misc_24, dpeg_vaults_monster_box,
          basic_altar, serial_shops, shop_fountains
Vaults:2: nicolae_vaults_diagonal_hallway_7, v_alt_pattern_4, v_misc_22,
          minmay_crypt_entry_vampire_xt, nicolae_vaults_diagonal_hallway_9,
          vaults_dpeg_encased_lava, nicolae_vaults_shelves_hall,
          grunt_vaults_hallway_long, vaults_mumra_chevron, v_misc_13, st_cross,
          nicolae_vaults_stairing_the_circle, vaults_dpeg_ring, uniq_nikola,
          uniq_jory, uniq_aizul
Vaults:3: nicolae_vaults_little_ls, v_misc_9, v_misc_4, hangedman_vaults_slice,
          nicolae_vaults_big_angled_halls, grunt_vaults_focal, v_rooms_4,
          vaults_room_semicircle, ontoclasm_vaults_eye, ontoclasm_vaults_chip,
          v_alt_pattern_1, v_misc_19, nicolae_vaults_gold_heap,
          ontoclasm_vaults_shuriken, nicolae_vaults_circle_grid_b, serial_shops,
          freezing_bzr
Vaults:4: v_misc_23, v_misc_16, nicolae_vaults_meeting, v_alt_pattern_2,
          hangedman_vaults_variations, nicolae_vaults_little_squares_5,
          hangedman_vaults_corner_blocks, vaults_room_door_ring,
          nicolae_vaults_little_squares_3, ontoclasm_vaults_twist,
          vaults_mumra_chevron_long, vaults_room_door_hall, v_misc_8,
          serial_shops, nicolae_shop_stone, uniq_mara
Vaults:5: serial_shops
Depths:1: nicolae_trove_entry_columns, hell_entry, minmay_misc_feat_roman,
          tgw_lugonu_bribe
Depths:2: grunt_profane_halls, hell_entry, abyss_entry, pan_entry
Depths:3: minmay_open_boxes_in_corner, grunt_pan_entry_spiral,
          minmay_misc_feat_chi, pf_coc_iceberg, infiniplex_staircase_pillars_2,
          uniq_frederick, uniq_boris
Depths:4: minmay_the_grid_square_5x5_4x4_mashed, hell_entry,
          nicolae_abyss_entry_one_way_or_another, nicolae_lava_and_water,
          uniq_xtahua
Depths:5: evilmike_zot_entry_basic, hell_entry, serial_sigils_hangedman_shear,
          nemelex_xobeh_ov_fountains_minmay
Zot:4:    st_stairs_13, hangedman_snake_sidewinding
Bazaar:   bazaar_minmay_cross
IceCv:    ice_cave_statue_garden_chambered

Skill      XL: |  1  2  3  4  5  6  7  8  9 10 11 12 13 14 15 16 17 18 19 20 21 22 23 24 25 26 |
---------------+-------------------------------------------------------------------------------+-----
Polearms       | 4 5 6 9 10 12 14 16 | 16.8
Dodging        | 2 6 9 11 13 14 15 16 17 18 20 21 22 | 22.0
Fighting       | 4 6 8 10 11 12 13 14 15 16 17 18 20 21 22 | 22.8
Shields        | 6 8 9 10 11 12 13 14 15 16 19 22 | 22.0
Invocations    | 3 5 8 9 |  9.0
Evocations     | 2 5 |  5.0
Armour         | 3 5 6 8 9 10 11 13 14 16 18 | 18.8

Action                   |  1- 3 |  4- 6 |  7- 9 | 10-12 | 13-15 | 16-18 | 19-21 | 22-24 | 25-27 || total
-------------------------+-------+-------+-------+-------+-------+-------+-------+-------+-------++-------
Melee: Trident           |   163 |   112 |   452 |   974 |       |       |       |       |       ||  1701
       Tailslap          |       |       |     4 |    11 |       |    94 |     1 |     2 |       ||   112
       Demon trident     |       |       |       |       |  1391 |  1820 |  1635 |  1924 |   875 ||  7645
Throw: Throwing net      |       |       |       |       |       |       |       |     2 |       ||     2
Invok: Heroism           |       |       |       |    18 |    29 |    38 |    31 |    42 |    21 ||   179
       Finesse           |       |       |       |       |     8 |    12 |    20 |    12 |     9 ||    61
Evoke: Wand              |       |       |     3 |     7 |       |     1 |       |     2 |     1 ||    14
       Box of beasts     |       |       |       |       |     1 |       |       |       |       ||     1
       Lightning rod     |       |       |       |       |       |       |     4 |       |       ||     4
  Use: Potion            |       |     2 |       |       |       |       |     1 |     2 |    12 ||    17
       Scroll            |       |       |     6 |     2 |    20 |    11 |     5 |    25 |     9 ||    78
 Stab: Distracted        |       |       |       |       |     1 |       |       |     3 |       ||     4
       Paralysed         |       |       |       |       |       |     3 |       |       |       ||     3
       Held in net/web   |       |       |       |       |       |     3 |       |     1 |       ||     4
       Invisible         |       |       |       |       |       |       |     3 |       |       ||     3
  Eat: Chunk             |     2 |     3 |    11 |    23 |    32 |    33 |    23 |    16 |     2 ||   145
       Ration            |       |       |     1 |     1 |     2 |     1 |     2 |     6 |     5 ||    18
Armor: Scale mail        |    59 |    35 |    74 |    93 |    73 |    58 |       |       |       ||   392
       Chain mail        |       |       |       |       |    96 |   166 |   169 |    57 |       ||   488
       Gold dragon scale |       |       |       |       |       |       |       |   356 |   141 ||   497
       Fire dragon scale |       |       |       |       |       |       |       |     2 |       ||     2
Dodge: Dodged            |    27 |    17 |    94 |   279 |   376 |   798 |   523 |   440 |   134 ||  2688
Block: Shield            |    58 |    36 |   135 |   360 |   506 |   815 |   546 |       |       ||  2456
       Large shield      |       |       |       |       |       |       |   152 |  1361 |   450 ||  1963

Table legend:
 A = Spawn XP
 B = Non-spawn XP
 C = Spawn XP percentage of total XP
 D = Spawn monster count
 E = Non-spawn monster count
 F = Spawn count percentage of total count
 G = Total turns spent on level
                    A         B        C        D         E        F      G
               +---------+---------+-------+---------+---------+-------+---------
         Total |       0 | 1200737 |   0.0 |       0 |    1995 |   0.0 | 65470
               +---------+---------+-------+---------+---------+-------+---------
           D:1 |       0 |      46 |   0.0 |       0 |      28 |   0.0 |   793
           D:2 |       0 |      39 |   0.0 |       0 |      16 |   0.0 |   853
           D:3 |       0 |     951 |   0.0 |       0 |      44 |   0.0 |  1902
           D:4 |       0 |     296 |   0.0 |       0 |      18 |   0.0 |   726
           D:5 |       0 |    1781 |   0.0 |       0 |      24 |   0.0 |  2034
           D:6 |       0 |     705 |   0.0 |       0 |      12 |   0.0 |   537
           D:7 |       0 |    1391 |   0.0 |       0 |      20 |   0.0 |   752
           D:8 |       0 |    1657 |   0.0 |       0 |      24 |   0.0 |  1427
           D:9 |       0 |    3428 |   0.0 |       0 |      31 |   0.0 |   928
          D:10 |       0 |    4622 |   0.0 |       0 |      25 |   0.0 |  1089
          D:11 |       0 |    6509 |   0.0 |       0 |      38 |   0.0 |  1593
          D:12 |       0 |    4919 |   0.0 |       0 |      55 |   0.0 |  2051
          D:13 |       0 |    5402 |   0.0 |       0 |      16 |   0.0 |   922
          D:14 |       0 |   16540 |   0.0 |       0 |      60 |   0.0 |  1455
          D:15 |       0 |   19995 |   0.0 |       0 |      45 |   0.0 |  1365
        Lair:1 |       0 |    7440 |   0.0 |       0 |      40 |   0.0 |  1730
        Lair:2 |       0 |    4225 |   0.0 |       0 |      22 |   0.0 |   992
        Lair:3 |       0 |    6372 |   0.0 |       0 |      20 |   0.0 |  1191
        Lair:4 |       0 |    5127 |   0.0 |       0 |      28 |   0.0 |  1031
        Lair:5 |       0 |    4104 |   0.0 |       0 |      17 |   0.0 |   880
        Lair:6 |       0 |   14614 |   0.0 |       0 |      68 |   0.0 |  1590
      Shoals:1 |       0 |    8811 |   0.0 |       0 |      18 |   0.0 |   934
      Shoals:2 |       0 |   17605 |   0.0 |       0 |      36 |   0.0 |  1915
      Shoals:3 |       0 |   14750 |   0.0 |       0 |      30 |   0.0 |  1222
      Shoals:4 |       0 |   40999 |   0.0 |       0 |      53 |   0.0 |  2172
      Spider:1 |       0 |   23099 |   0.0 |       0 |      72 |   0.0 |  1253
      Spider:2 |       0 |   29779 |   0.0 |       0 |      77 |   0.0 |  1037
      Spider:3 |       0 |   15547 |   0.0 |       0 |      36 |   0.0 |   996
      Spider:4 |       0 |   45204 |   0.0 |       0 |     107 |   0.0 |  1529
       Slime:1 |       0 |    4156 |   0.0 |       0 |       5 |   0.0 |   126
       Slime:2 |       0 |    7698 |   0.0 |       0 |       7 |   0.0 |   231
       Slime:3 |       0 |    8335 |   0.0 |       0 |      14 |   0.0 |   173
       Slime:4 |       0 |    5017 |   0.0 |       0 |       7 |   0.0 |    51
       Slime:5 |       0 |   36726 |   0.0 |       0 |      16 |   0.0 |   569
         Orc:1 |       0 |    2702 |   0.0 |       0 |      23 |   0.0 |   484
         Orc:2 |       0 |   18740 |   0.0 |       0 |     103 |   0.0 |  1990
      Vaults:1 |       0 |   67574 |   0.0 |       0 |     111 |   0.0 |  2368
      Vaults:2 |       0 |   62183 |   0.0 |       0 |      81 |   0.0 |  2204
      Vaults:3 |       0 |   50169 |   0.0 |       0 |      75 |   0.0 |  1660
      Vaults:4 |       0 |   43224 |   0.0 |       0 |      34 |   0.0 |  1313
      Depths:1 |       0 |   40913 |   0.0 |       0 |      56 |   0.0 |  1991
      Depths:2 |       0 |   95866 |   0.0 |       0 |     121 |   0.0 |  2829
      Depths:3 |       0 |   57950 |   0.0 |       0 |      36 |   0.0 |  2841
      Depths:4 |       0 |   81926 |   0.0 |       0 |      76 |   0.0 |  1210
      Depths:5 |       0 |   64774 |   0.0 |       0 |      63 |   0.0 |  1509
         Zot:1 |       0 |    7355 |   0.0 |       0 |       3 |   0.0 |   452
         Zot:2 |       0 |   26711 |   0.0 |       0 |      12 |   0.0 |   229
         Zot:3 |       0 |    7856 |   0.0 |       0 |       4 |   0.0 |    51
         Zot:4 |       0 |    8274 |   0.0 |       0 |       3 |   0.0 |   160
         Zot:5 |       0 |  193449 |   0.0 |       0 |      54 |   0.0 |  5350
         IceCv |       0 |    3182 |   0.0 |       0 |      11 |   0.0 |   585
               +---------+---------+-------+---------+---------+-------+---------
